 Dungeon Crawl Stone Soup version 0.20.1-1-g8b1a95d66d (webtiles) character file.

2742 Rrauwl the Impaler (level 9, -4/66 HPs)
             Began as a Merfolk Gladiator on Jan 1, 2018.
             Was a Follower of Okawaru.
             Slain by a killer bee (7 damage)
             ... on level 7 of the Dungeon.
             The game lasted 00:19:36 (6265 turns).

Rrauwl the Impaler (Merfolk Gladiator)              Turns: 6265, Time: 00:19:37

Health: -4/66      AC:  5    Str: 15    XL:     9   Next: 68%
Magic:  8/8        EV: 15    Int: 10    God:    Okawaru [*.....]
Gold:   14         SH:  0    Dex: 15    Spells: 6/8 levels left

rFire    . . .     SeeInvis .   a - +2 trident (venom)
rCold    . . .     Gourm    .   (no shield)
rNeg     . . .     Faith    .   b - +0 leather armour
rPois    +         Spirit   .   c - +1 helmet
rElec    .         Reflect  .   (no cloak)
rCorr    .         Harm     .   (no gloves)
MR       .....                  (no boots)
Stlth    +.........             y - amulet of magic regeneration
Regen    0.3/turn               D - ring of poison resistance
MPRegen  0.2/turn               (no ring)

@: hasted, very quick
A: change form in water, swift swim, stealthy swim, low mp 1
a: Heroism, Renounce Religion


You were on level 7 of the Dungeon.
You worshipped Okawaru.
Okawaru was aware of your devotion.
You were hungry.

You visited 2 branches of the dungeon, and saw 8 of its levels.

You collected 352 gold pieces.
You spent 338 gold pieces at shops.

Inventory:

Hand Weapons
 a - a +2 trident of venom (weapon)
 r - a +2 fustibalus of velocity
Missiles
 d - 3 throwing nets (quivered)
Armour
 b - a +0 leather armour (worn)
 c - a +1 helmet (worn)
Magical Staves
 p - an uncursed staff of air
Jewellery
 g - an uncursed amulet of faith
 y - an amulet of magic regeneration (around neck)
 D - a ring of poison resistance (left hand)
Wands
 h - a wand of disintegration (13/24)
 n - a wand of polymorph (6/24)
 s - a wand of lightning (0/15)
 u - a wand of polymorph (9/24)
 C - a wand of random effects (31/48)
Scrolls
 e - 8 scrolls of identify
 l - 3 scrolls of remove curse
 m - 2 scrolls of immolation
 q - a scroll of recharging
 t - a scroll of enchant armour
 z - a scroll of magic mapping
 E - a scroll of enchant weapon
Potions
 o - 2 potions of curing
 w - 2 potions of cancellation
 A - a potion of flight
 B - a potion of mutation
 G - a potion of berserk rage
 H - a potion of might
 I - a potion of agility
Books
 v - a book of Geomancy

   Spells                             Type                      Level
   a - Sandblast                      Earth                        1
   b - Passwall                       Transmutation/Earth          2
   c - Stone Arrow                    Conjuration/Earth            3
   d - Petrify                        Transmutation/Earth          4
   e - Lee's Rapid Deconstruction     Earth                        5
 x - a book of Clouds

   Spells                             Type                      Level
   a - Poisonous Vapours              Poison/Air                   2
   b - Mephitic Cloud                 Conjuration/Poison/Air       3
   c - Conjure Flame                  Conjuration/Fire             3
   d - Freezing Cloud                 Conjuration/Ice/Air          6
   e - Ring of Flames                 Charms/Fire                  7
Comestibles
 f - 7 bread rations
 i - 2 royal jellies
 k - 5 meat rations
 F - 5 chunks of flesh


   Skills:
 + Level 4.3 Fighting
 + Level 16.1 Polearms
 - Level 2.0 Throwing
 + Level 6.4 Dodging


You had 6 spell levels left.
You knew the following spells:

 Your Spells              Type           Power        Failure   Level  Hunger
a - Passwall              Tmut/Erth      #.........   56%         2    ###....


Dungeon Overview and Level Annotations

Branches:
Dungeon (7/15)             Temple (1/1) D:6

Altars:
Ashenzari
Cheibriados
Dithmenos
Elyvilon
Fedhas
Gozag
Hepliaklqana
Kikubaaqudgha
Makhleb
Nemelex Xobeh
Okawaru
Qazlal
Ru
Sif Muna
Trog
Uskayaw
Vehumet
Xom
Yredelemnul
Zin
The Shining One

Shops:
D:6 [?!   D:7 !


Innate Abilities, Weirdness & Mutations

You revert to your normal form in water.
You are very nimble and swift while swimming.
You are very stealthy in the water. (Stealth+)
Your magical capacity is low. (-10% MP)


Message History

The killer bee buzzes angrily.
The orc priest mumbles some strange prayers to Beogh against you.
Beogh smites you!
* * * LOW HITPOINT WARNING * * *
2 killer bees come into view.
You feel better.
The killer bee buzzes angrily.
The killer bee misses you.
The phantom blinks!
The hungry ghost hits you.
* * * LOW HITPOINT WARNING * * *
You are feeling hungry.
The shadow imp closely misses you.
The orc priest hits you with a dagger of venom.
* * * LOW HITPOINT WARNING * * *
Unknown command.
Okay, then.
Okay, then.
You feel yourself speed up.
The killer bee buzzes angrily.
The killer bee stings you!
You die...

.................# #...
................##
##..#
.................#
#..##
..............#..###..#
.............###..#..##
..........W.## ###...#
.......o....# ##..#
......oW5.$## #..#
.......@o.## .....
.......y.## ....##.
.......y... .....
............. .......
......y.......# ...##..
.....y.........
.......y....#..
.........#####.


You could see a phantom, a hungry ghost, 5 killer bees, an orc priest, a shadow
imp and 2 orcs.

Vanquished Creatures
  Pikel (D:5)
  Grinder (D:3)
  The ghost of Jynx the Changer, an amateur MfTm (D:4)
  A water moccasin (D:6)
  An orc warrior (D:6)
  A sky beast (D:6)
  A black bear (D:5)
  An ice beast (D:6)
  A slave (D:5)
  2 ogres
  3 centaurs (D:5)
  A bullfrog (D:6)
  2 scorpions (D:4)
  A centaur zombie (D:5)
  A bullfrog zombie (D:5)
  2 jellies
  2 hounds
  6 orc priests
  Terence (D:2)
  4 iguanas
  7 worker ants
  An orc wizard (D:6)
  A statue (D:4)
  2 hound zombies (D:5)
  5 adders
  An ooze (D:2)
  An adder skeleton (D:5)
  2 worms (D:2)
  2 dart slugs
  4 leopard geckos
  13 orcs
  3 ball pythons
  7 giant cockroaches
  10 goblins
  6 hobgoblins
  12 jackals
  8 quokkas
  8 bats
  4 frilled lizards
  7 kobolds
  4 rats
142 creatures vanquished.

Vanquished Creatures (others)
  A killer bee zombie (D:5)
  A jackal (D:5)
2 creatures vanquished.

Grand Total: 144 creatures vanquished

Notes
Turn   | Place    | Note
-------+----------+-------------------------------------------
     0 | D:1      | Rrauwl the Merfolk Gladiator began the quest for the Orb.
     0 | D:1      | Reached XP level 1. HP: 16/16 MP: 1/1
   111 | D:1      | Reached skill level 5 in Polearms
   174 | D:1      | Reached XP level 2. HP: 22/22 MP: 2/2
   633 | D:2      | Reached XP level 3. HP: 27/27 MP: 3/3
   641 | D:2      | Reached skill level 6 in Polearms
   831 | D:2      | Reached skill level 7 in Polearms
   831 | D:2      | Reached XP level 4. HP: 22/33 MP: 4/4
   945 | D:2      | Noticed Terence
   958 | D:2      | Killed Terence
  1313 | D:2      | Reached XP level 5. HP: 39/39 MP: 5/5
  1324 | D:3      | Noticed Grinder
  1364 | D:3      | Killed Grinder
  1364 | D:3      | Reached skill level 8 in Polearms
  1364 | D:3      | Reached skill level 5 in Dodging
  1364 | D:3      | Reached XP level 6. HP: 48/48 MP: 6/6
  1393 | D:3      | Found a blossoming altar of Fedhas.
  1401 | D:3      | Found a bloodstained altar of Trog.
  1476 | D:3      | Found a hide-covered altar of Uskayaw.
  2302 | D:4      | Reached XP level 7. HP: 41/54 MP: 7/7
  2336 | D:4      | Reached skill level 9 in Polearms
  2412 | D:4      | Found a stormy altar of Qazlal.
  2458 | D:4      | Noticed a fire elemental
  2493 | D:4      | Reached skill level 10 in Polearms
  2648 | D:4      | Found a radiant altar of Vehumet.
  2929 | D:4      | Noticed an air elemental
  2932 | D:4      | Noticed a water elemental
  3087 | D:4      | Noticed Jynx's ghost (amateur MfTm)
  3104 | D:4      | Killed Jynx's ghost
  3104 | D:4      | Reached skill level 11 in Polearms
  3104 | D:4      | Reached XP level 8. HP: 37/60 MP: 8/8
  3450 | D:5      | Entered Level 5 of the Dungeon
  3527 | D:5      | Noticed Pikel
  3709 | D:5      | Reached skill level 12 in Polearms
  3923 | D:5      | Killed Pikel
  3923 | D:5      | Reached skill level 14 in Polearms
  3923 | D:5      | Reached XP level 9. HP: 59/65 MP: 9/9
  4067 | D:5      | Learned a level 2 spell: Passwall
  4688 | D:6      | Found Duacretz's Distillery.
  4696 | D:6      | Bought a potion of flight for 39 gold pieces
  4696 | D:6      | Bought a potion of mutation for 104 gold pieces
  4749 | D:6      | Found Xotwy's Magic Scroll Emporium.
  4754 | D:6      | Found a staircase to the Ecumenical Temple.
  4766 | Temple   | Entered the Ecumenical Temple
  4975 | Temple   | Became a worshipper of Warmaster Okawaru
  5012 | D:6      | Reached skill level 15 in Polearms
  5029 | D:6      | Found Ledd's Antique Armour Shop.
  5035 | D:6      | Bought a scroll of magic mapping for 52 gold pieces
  5673 | D:6      | Found an opulent altar of Gozag.
  5684 | D:6      | Reached skill level 16 in Polearms
  5813 | D:6      | Gained mutation: Your magical capacity is low. (-10% MP) [mutagenic meat]
  6046 | D:6      | Reached * piety under Okawaru
  6227 | D:7      | Found Cepoisu's Distillery.
  6232 | D:7      | Bought a potion of berserk rage for 55 gold pieces
  6232 | D:7      | Bought a potion of might for 44 gold pieces
  6232 | D:7      | Bought a potion of agility for 44 gold pieces
  6263 | D:7      | HP: 3/66 [orc priest/divine providence (16)]
  6265 | D:7      | Slain by a killer bee

Skill      XL: |  1  2  3  4  5  6  7  8  9 |
---------------+----------------------------+-----
Polearms       | 5 7 8 11 14 16 | 16.1
Fighting       | 3 4 |  4.3
Dodging        | 5 6 |  6.4
Throwing       | |  2.0

Action                   |  1- 3 |  4- 6 |  7- 9 || total
-------------------------+-------+-------+-------++-------
Melee: Trident           |    99 |   140 |   265 ||   504
Evoke: Wand              |       |       |     3 ||     3
  Use: Scroll            |     3 |     3 |     5 ||    11
       Potion            |     1 |     5 |     6 ||    12
 Stab: Sleeping          |     2 |       |     4 ||     6
       Distracted        |       |     1 |     1 ||     2
  Eat: Chunk             |       |     5 |     6 ||    11
       Fruit             |       |       |     6 ||     6
       Royal jelly       |       |       |     1 ||     1
Armor: Leather armour    |    31 |    20 |    20 ||    71
Dodge: Dodged            |    45 |    65 |    91 ||   201
